 Dungeon Crawl Stone Soup version 0.31-a0-1001-g770356a28f (webtiles) character file.

Game seed: 1954437903812144725

1769 cyclaam the Cleaver (level 9, 0/75 HPs)
             Began as a Hill Orc Fighter on Nov 8, 2023.
             Slain by a two-headed ogre
             ... wielding a +0 giant club
              (8 damage)
             ... on level 5 of the Dungeon.
             The game lasted 01:01:35 (4741 turns).

cyclaam the Cleaver (Hill Orc Fighter)              Turns: 4741, Time: 01:01:36

Health: 0/75       AC: 13    Str: 23    XL:     9   Next: 7%
Magic:  9/9        EV: 11    Int:  8    God:
Gold:   197        SH:  5    Dex: 10    Spells: 8/8 levels left

rFire   + + .        a - +0 war axe
rCold   . . .        c - +0 buckler
rNeg    . . .        i - +3 ring mail {rF+}
rPois   .            o - +2 helmet
rElec   .            (no cloak)
rCorr   .            l - +0 pair of gloves
SInv    .            (no boots)
Will    .....        (no amulet)
Stlth   +            x - ring of protection from fire
HPRegen 0.32/turn    (no ring)
MPRegen 0.11/turn

%: no passive effects
@: about to teleport
A: no striking features
a: no special abilities


You were on level 5 of the Dungeon.
You visited 1 branch of the dungeon, and saw 5 of its levels.

You collected 197 gold pieces.

Inventory:

Hand Weapons
 a - a +0 war axe (weapon)
 h - a +0 short sword
 m - a +0 whip
 p - a +2 dagger of electrocution
 v - a +1 dagger of speed
 y - a +0 falchion
 A - a +0 short sword of venom
 C - a +1 whip of draining
 D - a +0 short sword
 E - a +0 spear
 F - a +1 short sword of venom
 H - a +0 hand axe
 K - a +0 sling
 L - a +1 dagger of draining
 M - a +0 antimagic dagger
 O - a +0 dagger of venom
 P - a +0 spear
 Q - a +0 scythe
 V - a +0 trident
 Y - a +0 spear of flaming
Missiles
 e - 65 stones
 q - 11 atropa-tipped darts
 t - 2 poisoned darts
 G - 3 boomerangs
 X - a curare-tipped dart
Armour
 b - a +0 scale mail
 c - a +0 buckler (worn)
 i - a +3 ring mail of fire resistance (worn)
 l - a +0 pair of gloves (worn)
 o - a +2 helmet (worn)
 w - a +0 scale mail
 J - a +0 chain mail
 W - a +0 plate armour
Jewellery
 x - a ring of protection from fire (left hand)
Wands
 f - a wand of polymorph (13)
Scrolls
 j - a scroll of teleportation
 s - a scroll of silence
 z - a scroll of revelation {unknown}
 I - a scroll of poison {unknown}
 N - 2 scrolls of identify
 R - a scroll of immolation
 U - a scroll of butterflies {unknown}
Potions
 d - 2 potions of might
 g - a potion of degeneration
 k - a potion of ambrosia {unknown}
 n - 4 potions of enlightenment
 u - a potion of mutation
 B - a potion of magic
 S - a potion of brilliance
 T - a potion of heal wounds {unknown}


   Skills:
 + Level 6.3 Fighting
 + Level 10.2 Axes
 + Level 5.6 Armour
 + Level 2.9 Dodging
 + Level 1.0 Stealth
 + Level 5.4 Shields
 + Level 1.3 Evocations


You had 8 spell levels left.
You didn't know any spells.
Your spell library contained the following spells:

 Spells                   Type           Power      Damage    Failure   Level
 Summon Small Mammal      Summ           0%         N/A       61%         1
 Poisonous Vapours        Pois/Air       0%         N/A       75%         2
 Call Canine Familiar     Summ           0%         N/A       93%         3
 Mephitic Cloud           Conj/Pois/Air  0%         N/A       93%         3
 Summon Guardian Golem    Hex/Summ       0%         N/A       93%         3
 Animate Armour           Summ/Erth      0%         N/A       100%        4
 Summon Lightning Spire   Summ/Air       0%         N/A       100%        4
 Freezing Cloud           Conj/Ice/Air   0%         6-21      100%        5
 Lee's Rapid Deconstruct  Erth           0%         3d4*      100%        5
 Orb of Destruction       Conj           0%         9d5       100%        7
 Spellforged Servitor     Conj/Summ      0%         N/A       100%        7


Dungeon Overview and Level Annotations

Branches:
Dungeon (5/15)             Temple (0/1) D:5

Altars:
Ashenzari
Kikubaaqudgha
Uskayaw
Xom

Shops:
D:1 [

Annotations:
D:5 4 runed translucent doors


Message History

Aim: a two-headed ogre, wielding two +0 giant clubs (72% to hit)
You throw a poisoned dart.
The poisoned dart hits the two-headed ogre.
The two-headed ogre is poisoned.
The two-headed ogre attacks as it pursues you!
The two-headed ogre hits you with a +0 giant club!
The two-headed ogre misses you.
There is a stone staircase leading down here.
The two-headed ogre looks more healthy.
Aiming: Polymorph
Press: ? - help, Shift-Dir - straight line, f/p - two-headed ogre
Aim: a two-headed ogre, wielding two +0 giant clubs (lightly wounded, will become a steelbarb worm, a water nymph, or an eye of devastation, chance to affect: 34%)
Okay, then.
Press: ? - help, v - describe, . - travel The floor.
The two-headed ogre attacks as it pursues you!
You block the two-headed ogre's attack.
The two-headed ogre completely misses you.
Throw: 3 darts (poison)
Press: ? - help, Shift-Dir - straight line, f/p - two-headed ogre
Aim: a two-headed ogre, wielding two +0 giant clubs (lightly wounded, 72% to hit)
You throw a poisoned dart.
The poisoned dart hits the two-headed ogre.
The two-headed ogre is lightly wounded.
You hit the two-headed ogre.
The two-headed ogre is lightly wounded.
You block the two-headed ogre's attack.
The two-headed ogre hits you with a +0 giant club!
* * * LOW HITPOINT WARNING * * *
The two-headed ogre attacks as it pursues you!
The two-headed ogre hits you with a +0 giant club.
* * * LOW HITPOINT WARNING * * *
The two-headed ogre hits you with a +0 giant club.
* * * LOW HITPOINT WARNING * * *
As you read the scroll of teleportation, it crumbles to dust.
You feel strangely unstable.
The two-headed ogre hits you with a +0 giant club.
* * * LOW HITPOINT WARNING * * *
The two-headed ogre hits you with a +0 giant club!
You die...

...#.####[......#.#......#
...#...######..#.#.#.....#
...###.######.#.#.#.#.####
.......#.(.....#.>.#..#
#......#.###..#.#.#.#.#
.......#.###...#.#.#..#
##...#.....##...#.#...#
##.........##..O......#
##......>..##...@....##
##........####.)....##
##.......# #......#
#.......# ##......#
###.......# #.......#
..........# #.......#
###.......# #.......#
#.........# #.......#
..######†(###.......#


You could see a two-headed ogre.

Vanquished Creatures
  Grinder (D:5)
  Sigmund (D:5)
  Duvessa (D:4)
  An orc warrior (D:5)
  An ogre (D:5)
  2 phantoms (D:5)
  A kobold brigand (D:5)
  5 scorpions
  Dowan (D:4)
  A howler monkey (D:4)
  2 hounds (D:5)
  A gnoll bouda (D:5)
  4 iguanas
  Jessica (D:3)
  2 orc wizards
  Robin (D:3)
  4 gnolls (D:5)
  6 adders
  2 white imps
  An ufetubus (D:5)
  2 worms
  A dart slug (D:2)
  16 orcs
  5 ball pythons
  8 endoplasms
  A giant cockroach (D:2)
  17 goblins
  17 hobgoblins
  8 jackals
  18 kobolds
  5 quokkas
  5 bats
  10 rats
152 creatures vanquished.

Notes
Turn   | Place    | Note
-------+----------+-------------------------------------------
     0 | D:1      | cyclaam the Hill Orc Fighter began the quest for the Orb.
     0 | D:1      | Reached XP level 1. HP: 19/19 MP: 1/1
    73 | D:1      | Reached XP level 2. HP: 27/27 MP: 2/2
   177 | D:1      | Found Wuff's Armour Shop.
   191 | D:1      | Reached skill level 3 in Axes
   375 | D:1      | Reached XP level 3. HP: 33/33 MP: 3/3
  1126 | D:2      | Reached XP level 4. HP: 36/40 MP: 4/4
  1265 | D:2      | Reached skill level 4 in Axes
  1687 | D:3      | Noticed Jessica
  1692 | D:3      | Killed Jessica
  1850 | D:3      | Reached XP level 5. HP: 46/46 MP: 5/5
  1914 | D:3      | Noticed Robin
  1938 | D:3      | Killed Robin
  1939 | D:3      | Reached skill level 5 in Axes
  2640 | D:4      | Reached XP level 6. HP: 44/53 MP: 6/6
  2717 | D:4      | Found a broken altar of Ashenzari.
  2734 | D:4      | Reached skill level 1 in Dodging
  2785 | D:4      | Found a shimmering altar of Xom.
  2785 | D:4      | Found an ancient bone altar of Kikubaaqudgha.
  2812 | D:4      | Reached skill level 6 in Axes
  3000 | D:4      | Noticed Dowan
  3044 | D:4      | Reached skill level 5 in Fighting
  3177 | D:4      | Noticed Duvessa
  3195 | D:4      | Killed Duvessa
  3196 | D:4      | Reached XP level 7. HP: 20/61 MP: 7/7
  3217 | D:4      | Killed Dowan
  3218 | D:4      | Reached skill level 7 in Axes
  3404 | D:4      | Found a hide-covered altar of Uskayaw.
  3783 | D:5      | Entered Level 5 of the Dungeon
  3802 | D:5      | Noticed Sigmund
  3816 | D:5      | Killed Sigmund
  3817 | D:5      | Reached skill level 8 in Axes
  3838 | D:5      | Noticed Grinder
  3864 | D:5      | Reached XP level 8. HP: 63/69 MP: 8/8
  3866 | D:5      | Reached skill level 5 in Armour
  3892 | D:5      | Paralysed by Grinder for 4 turns
  3898 | D:5      | Paralysed by Grinder for 5 turns
  3900 | D:5      | Found a staircase to the Ecumenical Temple.
  4172 | D:5      | Killed Grinder
  4173 | D:5      | Reached skill level 9 in Axes
  4425 | D:5      | Reached skill level 1 in Evocations
  4517 | D:5      | Found a large runed translucent door.
  4517 | D:5      | Found a large runed translucent door.
  4519 | D:5      | Noticed a two-headed ogre
  4527 | D:5      | Found a large runed translucent door.
  4527 | D:5      | Found a large runed translucent door.
  4549 | D:5      | Reached skill level 10 in Axes
  4570 | D:5      | Reached skill level 1 in Stealth
  4570 | D:5      | Reached skill level 5 in Shields
  4570 | D:5      | Reached XP level 9. HP: 74/75 MP: 9/9
  4577 | D:5      | Noticed a two-headed ogre
  4741 | D:5      | Slain by a two-headed ogre

Illustrated notes

Levels and vault maps discovered:
D:1:      dpeg_arrival_ratfight, layout_loops_ring, serial_shops,
          nicolae_shop_statue_plus
D:2:      layout_basic
D:3:      corexii_shack_village, layout_basic, kennysheep_crisscross,
          uniq_jessica, uniq_robin
D:4:      layout_loops_cross, eat_drink_and_be_merry_uskayaw,
          grunt_temple_overflow_open, minmay_pentangle, uniq_duvessa
D:5:      layout_basic, minmay_temple_entry_grid, minmay_hollow_rounded_squares,
          uniq_sigmund, uniq_grinder

Skill      XL: |  1  2  3  4  5  6  7  8 |
---------------+-------------------------+-----
Axes           | 3 4 5 6 8 10 | 10.2
Fighting       | 4 5 6 |  6.3
Armour         | 4 5 |  5.6
Dodging        | 1 2 |  2.9
Shields        | 4 5 |  5.4
Evocations     | 1 |  1.3
Stealth        | 1 |  1.0

Action                     |  1- 3 |  4- 6 |  7- 9 || total
---------------------------+-------+-------+-------++-------
  Melee: War axe           |   132 |   227 |   171 ||   530
  Throw: Stone             |     1 |       |       ||     1
         Dart              |       |     2 |     5 ||     7
  Evoke: Wand              |       |       |     6 ||     6
    Use: Scroll            |     1 |     6 |     7 ||    14
         Potion            |       |     5 |     1 ||     6
 Armour: Scale mail        |    11 |       |       ||    11
         Ring mail         |    67 |   136 |   125 ||   328
  Dodge: Dodged            |    65 |    91 |    82 ||   238
  Block: Buckler           |    31 |    40 |    40 ||   111

Table legend: (Time is in decaauts)
 A = Elapsed time spent in this place.
 B = Non-inter-level travel time spent in this place.
 C = Inter-level travel time spent in this place.
 D = Time resting spent in this place.
 E = Time spent auto-exploring this place.
 F = Levels seen in this place.
 G = Mean time per level.
                   A        B        C        D        E       F      G
               +--------+--------+--------+--------+--------+-----+--------+
         Total |   4863 |   4803 |     60 |    955 |   1745 |   5 |  972.6 |
       Dungeon |   4863 |   4803 |     60 |    955 |   1745 |   5 |  972.6 |
               +--------+--------+--------+--------+--------+-----+--------+

Top non-repeatable levels by time:
     D:4: 1249 daAuts
     D:3: 998 daAuts
     D:5: 969 daAuts
     D:1: 861 daAuts
     D:2: 784 daAuts
